AoeStats
← lamanito6

Nomad

510057472Analyzed
4v4 RM · 3d ago on Sep 29, 2026· 40m 17s· 8 players
Game mode
Random Map
Map size
231×231
Population
200
Speed
Normal
Resources
Standard
Victory
Conquest
Starting age
Dark Age
Ending age
Imperial Age
RankedLock teamsTeams togetherTeam positionsShared explorationLock speedFull tech treeHidden civsTurbo modeCheats
Victory
Defeat
1266
+16
🇳🇴 Vikings · Norway
1266
+16
🇭🇰 Chinese · Hong Kong SAR China
1237
+18
🇨🇳 Tatars · China
1227
+18
🇨🇳 Franks · China
1377
-21
🇦🇺 Mongols · Australia
1373
-21
🇨🇳 Vietnamese · China
1184
-13
🇪🇸 Danes · Spain
1161
-13
我的农田我的矿
4:43 Loom
15:10 Feudal Age
16:04 Double-Bit Axe
20:18 Castle Age
18:35 Fletching
19:25 Fishing Lines
21:19 Bow Saw
21:20 Gillnets
21:55 Horse Collar
22:32 Medium Warships
23:25 Heavy Plow
24:43 Wheelbarrow
25:20 Scale Barding Armor
25:25 Forging
26:08 Husbandry
26:18 Bloodlines
26:31 Chain Barding Armor
30:06 Iron Casting
30:19 Gold Mining
32:15 Hand Cart
31:48 Town Watch
33:24 Gold Shaft Mining
36:44 Imperial Age
34:15 Town Patrol
37:32 Conscription
36:34 Cavalier
37:53 Plate Barding Armor
38:19 Blast Furnace
37:55 Savar
青柑普洱
Gin
5:34 Loom
13:06 Feudal Age
16:22 Fletching
23:07 Castle Age
23:24 Scale Mail Armor
23:34 Forging
24:38 Chain Mail Armor
24:29 Squires
26:53 Bodkin Arrow
35:38 Double-Bit Axe
35:35 Horse Collar
36:50 Iron Casting
Hyacine
3:01 Loom
12:38 Feudal Age
16:43 Castle Age
15:11 Stone Mining
15:15 Double-Bit Axe
16:01 Gold Mining
17:44 Fletching
18:33 Bow Saw
20:13 Bodkin Arrow
20:19 Padded Archer Armor
23:48 Horse Collar
24:40 Heavy Plow
35:58 Imperial Age
34:04 Wheelbarrow
33:15 Town Watch
34:18 Leather Archer Armor
35:52 Thumb Ring
36:59 Bracer
37:29 Ring Archer Armor
37:22 Conscription
40:22 Rocketry
lamanito6
6:07 Loom
15:53 Feudal Age
16:25 Double-Bit Axe
16:36 Fishing Lines
17:24 Fletching
18:43 Padded Archer Armor
24:07 Castle Age
26:26 Forging
26:12 Bodkin Arrow
26:18 Scale Mail Armor
34:07 Medium Warships
35:07 Chain Mail Armor
Tawny
7:00 Loom
16:05 Feudal Age
18:43 Stone Mining
22:25 Castle Age
20:16 Double-Bit Axe
22:08 Fletching
24:46 Horse Collar
38:46 Gold Mining
40:28 Wheelbarrow
297539664
飞鱼
3:29 Loom
17:21 Feudal Age
18:39 Double-Bit Axe
21:18 Castle Age
23:22 Fletching
24:26 Bodkin Arrow
29:12 Imperial Age
36:43 Bracer
Connection lost

Rejoining the realm…

Still unreachable

The connection could not be restored.

Session expired

The server has moved on; the page needs a fresh start.